Map: Ice and Chrome LE

Players

yuratim - Winner!

  • Race: Protoss Protoss
  • League: Platinum
  • Spawn Location: 1:00

RyuKey

  • Race: Zerg Zerg
  • League: Diamond
  • Spawn Location: 7:00

VOD

Have the link to the VOD?

Description

Time

  • Played on: June 12, 2020, 10:23 a.m.
  • Length: 18:09
Show
View Real Time Build Order
Export as new Build Order

yuratim Protoss - Winner!

Build Orders: 1 Gate Expand 

Get SALT Encoding   

  12  0:01  Probe  
  13  0:14  Probe  
  14  0:21  Pylon  
  14  0:26  Probe  
  15  0:39  Probe  
  15  0:42  Gateway  
  16  0:47  Probe  
  16  0:49  Assimilator  
  16  0:55  Probe  
  18  1:05  Probe  
  18  1:09  Pylon  
  19  1:17  Probe  
  19  1:25  Probe  
  21  1:34  Probe  
  22  1:42  Nexus  
  22  1:56  Assimilator  
  22  1:58  Cybernetics Core  
  22  2:03  Gateway  
  22  2:09  Probe  
  22  2:13  Pylon  
  23  2:30  Pylon  
  23  2:31  Probe  
  23  2:33  Stalker  
  24  2:37  Twilight Council  
  26  2:45  Warp Gate  
  26  2:50  Stalker  
  28  3:01  Probe  
  29  3:10  Probe  
  29  3:13  Robotics Facility  
  29  3:14  Charge  
  29  3:19  Probe  
  30  3:27  Assimilator, Zealot  
  33  3:28  Zealot  
  33  3:31  Probe  
  36  3:42  Gateway  
  36  3:45  Probe  
  36  3:47  Probe  
  38  3:54  Gateway  
  38  4:06  Probe  
  38  4:08  Immortal  
  43  4:14  Probe  
  43  4:24  Probe  
  45  4:33  Probe  
  46  4:38  Pylon  
  46  4:41  Pylon, Zealot  
  46  4:43  Zealot  
  46  4:44  Zealot  
  52  4:45  Probe  
  52  4:49  Probe  
  52  4:50  Immortal  
  54  4:58  Probe  
  59  5:02  Zealot, Probe  
  62  5:07  Sentry  
  62  5:08  Sentry  
  62  5:09  Sentry  
  68  5:21  Pylon  
  68  5:24  Pylon  
  68  5:27  Assimilator  
  69  5:28  Probe  
  69  5:40  Probe  
  70  5:43  Stalker  
  70  5:44  Stalker  
  70  5:45  Zealot x2  
  78  5:52  Probe  
  79  5:58  Templar Archives  
  79  6:04  Probe  
  80  6:38  Zealot  
  80  6:39  Zealot x2  
  86  6:47  Pylon  
  86  6:49  Pylon  
  86  7:02  Psionic Storm  
  86  7:05  Probe  
  86  7:07  Pylon  
  87  7:17  Pylon, Nexus, Probe  
  87  7:18  High Templar x3  
  87  7:21  Pylon  
  94  7:23  Zealot  
  94  7:29  Probe  
  96  7:59  Nexus  
  96  8:00  Pylon  
  96  8:02  Pylon, Zealot x2  
  96  8:03  Pylon, Zealot x2  
  104  8:09  Forge x2  
  104  8:25  Zealot x2  
  104  8:26  Zealot x2  
  112  8:34  Gateway  
  112  8:37  Gateway  
  112  8:38  Immortal  
  112  8:39  Gateway  
  116  8:45  Photon Cannon  
  116  8:46  Photon Cannon  
  116  8:47  Photon Cannon  
  116  8:49  Photon Cannon  
  116  8:54  High Templar x4  
  124  8:59  Archon x2  
  124  9:23  Pylon  
  124  9:28  Probe  
  125  9:41  Probe  
  126  9:53  Probe  
  127  10:00  Stalker x4  
  127  10:01  Probe  
  127  10:04  Probe  
  127  10:05  Probe  
  138  10:07  Pylon  
  138  10:10  Pylon  
  138  10:13  Pylon  
  138  10:14  Probe  
  139  10:16  Probe  
  139  10:17  Probe  
  141  10:26  Probe  
  141  10:28  Probe  
  123  10:38  Probe  
  123  10:40  Probe  
  99  10:50  Probe  
  99  10:52  Probe  
  99  10:55  Protoss Ground Weapons Level 1, Protoss Ground Armor Level 1  
  89  10:58  High Templar x4  
  89  10:59  High Templar x3  
  91  11:06  Immortal  
  91  11:13  Archon x3  
  92  11:18  Probe  
  92  11:22  Assimilator  
  92  11:27  Assimilator  
  92  11:29  Shield Battery  
  92  11:30  Shield Battery  
  92  11:32  Zealot x5  
  100  11:33  Zealot  
  100  11:34  Zealot  
  106  11:46  Immortal  
  110  11:57  High Templar x4  
  118  12:02  Archon  
  118  12:03  Nexus  
  118  12:06  Pylon  
  118  12:07  Pylon  
  118  12:08  Zealot  
  118  12:09  Zealot x2  
  118  12:13  Probe  
  125  12:25  Probe, Immortal  
  115  12:37  Probe  
  106  12:44  Zealot x2  
  106  12:45  Zealot x5  
  104  13:08  Zealot x2  
  104  13:09  Zealot x5  
  88  13:29  Protoss Ground Armor Level 2, Protoss Ground Weapons Level 2  
  88  13:35  Zealot x5  
  88  13:36  Zealot x2  
  88  13:41  Immortal  
  106  13:44  Probe  
  107  13:52  Probe  
  108  13:56  Probe  
  108  14:00  High Templar x5  
  108  14:01  High Templar x2  
  123  14:04  Probe  
  122  14:17  Probe  
  119  14:20  Immortal  
  123  14:29  Probe  
  122  14:36  Zealot  
  122  14:37  Zealot x5  
  122  14:38  Zealot  
  136  14:41  Probe  
  136  14:44  Nexus  
  137  14:49  Assimilator  
  137  14:52  Assimilator  
  137  14:59  Immortal  
  141  15:07  High Templar x3  
  141  15:08  High Templar x4  
  141  15:12  Archon x2  
  141  15:13  Archon  
  155  15:28  Probe  
  156  15:31  Probe  
  157  15:40  Probe  
  157  15:41  High Templar  
  157  15:42  High Templar  
  162  15:43  High Templar  
  162  15:44  Zealot x2, Probe  
  162  15:45  Zealot  
  171  15:50  Archon  
  171  15:52  Probe  
  171  15:56  Probe  
  174  16:08  Probe  
  172  16:20  Probe  
  139  16:40  Zealot x6  
  132  17:01  Zealot x6  
  117  17:23  Zealot x5  
  117  17:24  Zealot  
  129  17:51  Zealot x6  
Show
View Real Time Build Order
Export as new Build Order

RyuKey Zerg 

Build Orders: Hatch First 

Get SALT Encoding   

  12  0:01  Drone  
  13  0:12  Overlord  
  13  0:16  Drone  
  14  0:30  Drone  
  14  0:31  Drone  
  16  0:38  Drone  
  17  1:00  Extractor  
  16  1:20  Hatchery  
  15  1:26  Spawning Pool  
  15  1:27  Drone x2  
  15  1:28  Drone  
  17  1:50  Drone x2  
  19  2:14  Queen  
  19  2:15  Metabolic Boost  
  21  2:16  Overlord x2  
  21  2:33  Queen  
  21  2:34  Zergling x2  
  21  2:35  Zergling x2  
  25  2:43  Drone x3  
  28  2:53  Queen  
  28  2:55  Zergling x4  
  32  3:09  Drone x2  
  34  3:23  Drone x4  
  38  3:27  Hatchery  
  38  3:29  Drone x3  
  40  3:38  Drone  
  41  3:52  Drone  
  42  4:01  Queen  
  44  4:07  Overlord x3  
  44  4:08  Overlord  
  44  4:23  Extractor  
  43  4:28  Extractor  
  43  4:30  Drone x5  
  47  4:53  Drone x7, Extractor  
  53  5:04  Drone  
  53  5:05  Drone x2  
  56  5:16  Overlord x2  
  56  5:22  Drone x4  
  56  5:23  Drone x2  
  56  5:26  Lair  
  62  5:43  Zergling x14  
  62  5:44  Zergling x6  
  69  5:54  Spine Crawler  
  69  5:55  Spine Crawler x4, Zergling x8  
  69  5:56  Zergling x2  
  69  5:57  Spine Crawler  
  66  6:13  Zergling x14  
  66  6:14  Zergling x4  
  75  6:23  Zergling x2  
  75  6:24  Zergling x2  
  76  6:26  Hatchery  
  76  6:31  Zergling x2  
  76  6:32  Zergling x2  
  76  6:40  Zergling x2  
  76  6:41  Zergling x6  
  80  6:51  Hatchery  
  79  7:10  Overlord x2  
  79  7:11  Overlord  
  79  7:28  Evolution Chamber  
  79  7:29  Evolution Chamber  
  63  7:53  Roach Warren  
  63  7:56  Extractor  
  63  7:57  Extractor  
  60  8:01  Drone x14  
  60  8:02  Drone x2  
  76  8:31  Drone x11  
  87  8:36  Zerg Missile Weapons Level 1, Zerg Ground Armor Level 1  
  87  8:37  Glial Reconstitution  
  87  8:45  Drone x3  
  90  8:53  Roach  
  90  8:54  Roach x7  
  106  8:57  Overlord x3  
  106  9:00  Roach x2  
  110  9:14  Roach  
  110  9:15  Roach x7  
  126  9:20  Overlord x3  
  126  9:33  Roach x7  
  140  9:45  Roach x4  
  150  9:50  Overlord x5  
  144  10:09  Baneling Nest  
  143  10:16  Roach x11  
  156  10:34  Roach  
  156  10:35  Roach x10  
  91  10:51  Roach  
  91  10:52  Roach x2  
  91  10:56  Centrifical Hooks  
  91  11:00  Hatchery  
  91  11:03  Roach x2  
  94  11:06  Drone  
  95  11:22  Roach x4  
  95  11:23  Zerg Missile Weapons Level 2, Zerg Ground Armor Level 2  
  103  11:27  Queen  
  103  11:28  Hatchery  
  103  11:29  Hatchery  
  103  11:36  Roach x2  
  107  11:51  Roach x3  
  113  11:55  Ravager  
  113  11:56  Ravager x2  
  113  11:57  Ravager  
  113  11:58  Ravager x2  
  113  12:00  Ravager  
  120  12:03  Ravager  
  120  12:05  Roach x5  
  131  12:20  Roach  
  131  12:21  Roach  
  125  12:43  Roach  
  125  12:44  Roach x6  
  132  12:55  Infestation Pit  
  80  13:20  Roach  
  80  13:21  Roach x8  
  91  13:27  Queen  
  91  13:29  Queen  
  86  13:35  Roach x4  
  94  13:43  Drone  
  94  13:44  Drone  
  96  13:58  Drone x4  
  96  13:59  Drone x4  
  100  14:21  Drone  
  100  14:22  Drone x7  
  76  14:32  Drone  
  76  14:33  Drone x6  
  77  14:41  Roach x4  
  85  15:02  Roach  
  85  15:03  Roach x6  
  99  15:17  Hive  
  99  15:24  Roach x13  
  125  15:45  Roach x10  
  125  15:48  Extractor x2  
  143  15:51  Extractor  
  143  15:53  Extractor  
  141  15:57  Hydralisk Den  
  138  16:32  Lurker Den  
  98  17:07  Ultralisk Cavern  
  64  17:28  Hydralisk  
  64  17:29  Hydralisk x14  
  75  17:35  Roach x11  
Tags
 
Add a new tag
Caveats
  • Supply blocks, unpowered buildings, or Contaminate may cause inaccurate times.
  • Supply counts are checked every 10 seconds.